Map: [ESL] Moondance

Players

GunGFuBanDa - Winner!

  • Race: Protoss Protoss
  • Spawn Location: 6:00

NightPhoenix

  • Race: Protoss Protoss
  • Spawn Location: 12:00

Event: DreamHack SC2 Masters 2022 Atlanta (Online)

VOD

Have the link to the VOD?

Description

Time

  • Played on: Oct. 5, 2022, 12:27 p.m.
  • Length: 9:59

All games in this series

Show
View Real Time Build Order
Export as new Build Order

GunGFuBanDa Protoss - Winner!

Build Orders: Blink Stalkers, Chargelot Immortal 

Get SALT Encoding   

  12  0:00  Probe  
  13  0:12  Probe  
  14  0:17  Pylon  
  14  0:24  Probe (Chrono Boost)  
  15  0:37  Gateway, Probe (Chrono Boost)  
  16  0:43  Probe (Chrono Boost)  
  16  0:45  Assimilator  
  17  0:51  Probe  
  17  0:54  Assimilator  
  18  1:03  Probe (Chrono Boost)  
  19  1:07  Gateway  
  19  1:13  Probe (Chrono Boost)  
  19  1:18  Probe (Chrono Boost)  
  20  1:24  Cybernetics Core  
  21  1:30  Probe  
  22  1:34  Pylon  
  22  1:42  Probe  
  23  1:54  Probe  
  23  2:00  Sentry, Stalker  
  28  2:01  Warp Gate  
  28  2:06  Probe  
  29  2:12  Pylon  
  29  2:18  Probe  
  30  2:25  Pylon  
  30  2:43  Nexus  
  30  2:45  Stalker  
  32  2:52  Stalker  
  34  3:02  Shield Battery, Probe  
  35  3:14  Probe  
  35  3:18  Twilight Council  
  35  3:26  Probe (Chrono Boost)  
  36  3:33  Pylon  
  36  3:38  Probe (Chrono Boost)  
  37  3:47  Probe (Chrono Boost)  
  38  3:51  Blink (Chrono Boost)  
  38  3:53  Probe (Chrono Boost), Stalker x2  
  43  3:58  Probe (Chrono Boost)  
  43  4:10  Probe (Chrono Boost)  
  43  4:13  Probe (Chrono Boost)  
  45  4:20  Sentry  
  45  4:21  Stalker  
  51  4:25  Probe x2 (Chrono Boost)  
  51  4:30  Robotics Facility, Probe (Chrono Boost)  
  51  4:32  Probe (Chrono Boost)  
  53  4:39  Probe  
  53  4:44  Probe, Pylon  
  55  4:51  Probe  
  56  4:53  Stalker x2, Assimilator  
  56  4:56  Probe  
  61  5:03  Probe  
  62  5:08  Probe  
  62  5:10  Pylon  
  63  5:15  Probe  
  63  5:18  Gateway  
  63  5:20  Observer, Probe, Stalker x2  
  70  5:36  Nexus  
  70  5:41  Immortal (Chrono Boost)  
  70  5:44  Immortal (Chrono Boost)  
  70  5:45  Stalker  
  70  5:46  Stalker  
  78  5:51  Pylon  
  78  6:04  Pylon  
  78  6:07  Shield Battery  
  78  6:10  Immortal (Chrono Boost)  
  82  6:12  Stalker  
  84  6:19  Stalker  
  84  6:21  Pylon  
  84  6:38  Pylon  
  84  6:39  Immortal (Chrono Boost), Probe x2  
  90  6:51  Probe x2  
  88  7:02  Shield Battery  
  88  7:04  Stalker x3  
  93  7:10  Probe (Chrono Boost)  
  93  7:14  Probe (Chrono Boost)  
  95  7:16  Charge (Chrono Boost)  
  95  7:20  Forge  
  95  7:21  Probe (Chrono Boost)  
  97  7:24  Probe (Chrono Boost)  
  97  7:26  Probe (Chrono Boost)  
  97  7:27  Stalker x2  
  97  7:28  Immortal (Chrono Boost)  
  100  7:33  Probe  
  100  7:37  Probe  
  94  7:43  Stalker  
  96  7:45  Probe  
  96  7:46  Probe  
  96  7:49  Probe  
  99  7:54  Gateway  
  99  7:55  Gateway  
  99  7:58  Probe  
  101  8:04  Warp Prism (Chrono Boost)  
  104  8:08  Pylon  
  104  8:09  Assimilator  
  104  8:11  Stalker x3  
  104  8:12  Pylon  
  108  8:21  Shield Battery  
  108  8:25  Gateway  
  108  8:26  Gateway  
  105  8:35  Stalker x3  
  105  8:37  Probe  
  105  8:38  Probe  
  113  8:43  Immortal (Chrono Boost)  
  117  8:48  Gateway  
  117  8:56  Shield Battery  
  117  9:04  Stalker x5  
  117  9:05  Probe x2  
  117  9:06  Probe  
  123  9:21  Zealot  
  124  9:25  Photon Cannon  
  124  9:28  Pylon  
  124  9:30  Zealot x6  
  136  9:41  Probe  
  136  9:44  Probe  
  138  9:56  Zealot x6  
Show
View Real Time Build Order
Export as new Build Order

NightPhoenix Protoss 

Build Orders: Oracle Opening 

Get SALT Encoding   

  12  0:00  Probe  
  13  0:12  Probe  
  14  0:17  Pylon  
  14  0:24  Probe (Chrono Boost)  
  15  0:36  Gateway, Probe (Chrono Boost)  
  16  0:43  Probe (Chrono Boost)  
  16  0:45  Assimilator  
  17  0:51  Probe  
  17  0:54  Assimilator  
  18  1:03  Probe (Chrono Boost)  
  19  1:07  Gateway  
  19  1:12  Probe (Chrono Boost)  
  19  1:17  Probe (Chrono Boost)  
  20  1:24  Cybernetics Core  
  21  1:29  Probe  
  22  1:36  Pylon  
  22  1:41  Probe  
  23  1:54  Probe  
  24  2:01  Stalker x2  
  28  2:05  Warp Gate  
  28  2:06  Probe  
  29  2:14  Pylon  
  29  2:22  Stargate  
  33  2:48  Nexus  
  29  2:53  Probe (Chrono Boost)  
  30  3:02  Pylon  
  30  3:04  Probe (Chrono Boost)  
  31  3:07  Oracle (Chrono Boost)  
  31  3:09  Probe (Chrono Boost)  
  35  3:19  Probe  
  36  3:32  Probe  
  37  3:38  Oracle (Chrono Boost)  
  40  3:48  Probe  
  41  3:53  Stalker x2  
  45  3:56  Twilight Council  
  45  4:01  Probe x2  
  47  4:13  Probe (Chrono Boost)  
  47  4:14  Probe (Chrono Boost)  
  46  4:21  Stalker x2  
  50  4:25  Probe (Chrono Boost)  
  50  4:26  Probe (Chrono Boost)  
  50  4:28  Pylon  
  52  4:33  Probe x2 (Chrono Boost)  
  52  4:35  Blink (Chrono Boost)  
  52  4:38  Assimilator  
  54  4:41  Pylon  
  54  4:53  Probe x2  
  54  5:01  Gateway x2  
  54  5:04  Gateway  
  54  5:05  Probe x2  
  56  5:14  Pylon  
  56  5:17  Probe  
  56  5:18  Gateway  
  57  5:21  Gateway  
  57  5:24  Probe, Assimilator  
  58  5:29  Probe  
  58  5:32  Stalker x2  
  63  5:48  Pylon  
  63  5:56  Stalker x4  
  71  5:58  Stalker  
  70  6:19  Stalker x6  
  70  6:24  Stalker  
  80  6:42  Adept  
  80  6:43  Adept  
  80  6:45  Stalker x3  
  90  6:47  Stalker  
  82  7:07  Stalker x3  
  86  7:10  Stalker x3  
  86  7:14  Stalker  
  54  7:37  Stalker x5  
  54  7:40  Stalker  
  54  7:43  Stalker  
  68  8:02  Adept  
  68  8:03  Adept, Stalker x3  
  78  8:06  Stalker  
  78  8:11  Stalker  
  80  8:34  Adept x3  
  80  8:37  Stalker x3  
  80  8:40  Stalker  
  88  9:14  Stalker x3  
  88  9:15  Stalker  
  88  9:23  Stalker x3  
  90  9:39  Stalker x2  
  90  9:45  Stalker x2  
  92  9:47  Stalker  
  85  9:54  Stalker x2  
Tags
 
Add a new tag
Caveats
  • Supply blocks, unpowered buildings, or Contaminate may cause inaccurate times.
  • Supply counts are checked every 10 seconds.